[Event "FIDE Women World-chT-KO 2021"]
[Site "Sitges"]
[Date "2021.10.01"]
[Round "2.2"]
[White "Shuvalova, Polina"]
[Black "Buksa, Nataliya"]
[Result "1-0"]
[ECO "B31"]
[WhiteElo "2510"]
[BlackElo "2417"]
[Annotator "ChessBase"]
[PlyCount "155"]
[EventDate "2021.09.30"]
[EventType "team-tourn"]
[EventCountry "ESP"]
[SourceTitle "playchess.com"]
[Source "ChessBase"]
[SourceQuality "1"]
[WhiteTeam "Russia"]
[BlackTeam "Ukraine"]
[WhiteTeamCountry "RUS"]
[BlackTeamCountry "UKR"]
[TimeControl "2700+10"]

1. e4 c5 2. Nf3 Nc6 3. Bb5 g6 4. O-O Bg7 5. c3 Nf6 6. Re1 O-O 7. d4 d5 8. e5 Ne4 9. Be3 Qb6 10. Bxc6 Qxc6 11. dxc5 Nxc5 12. Na3 b6 13. h3 Ba6 14. Nc2 Nd3 15. Nb4 Nxb4 16. cxb4 Qc4 17. Qd2 Rac8 18. a4 Bb7 19. b5 d4 20. Qxd4 Qe6 21. Qg4 Qxg4 22. hxg4 Bxf3 23. gxf3 Bxe5 24. Bh6 Bxb2 25. Ra2 Bg7 26. Bxg7 Kxg7 27. Rxe7 Rfe8 28. Rxa7 Re1+ 29. Kg2 Rcc1 30. f4 Rg1+ 31. Kf3 h5 32. gxh5 gxh5 33. Ra3 h4 34. Ke4 Rc4+ 35. Kf5 Rc5+ 36. Ke4 Rc4+ 37. Kf5 Rc5+ 38. Ke4 Rh1 39. Rb7 Rc4+ 40. Kf5 Rc5+ 41. Kg4 Rcc1 42. Rh3 Rhg1+ 43. Kxh4 Rg6 44. Rd7 Rcg1 45. Rd5 Kf8 46. Rg5 Rh6+ 47. Rh5 Rhg6 48. Rg5 Rh6+ 49. Rh5 Rf6 50. f5 Rd6 51. Rg3 Rd4+ 52. Kg5 Rc1 53. Rh6 Rxa4 54. Rxb6 Rd4 55. Rb8+ Ke7 56. Re3+ Kd7 57. Rb7+ Kd8 58. Rxf7 Rg1+ 59. Rg3 Rb1 60. Ra7 Kc8 61. Rh3 Rg1+ 62. Kf6 Kb8 63. Re7 Rd6+ 64. Kf7 Rd8 65. Rg3 Rf1 66. Rg2 Rb1 67. f6 Rxb5 68. Rg8 Kc8 69. Rxd8+ Kxd8 70. Re2 Rg5 71. Kf8 Kd7 72. f7 Rg4 73. Re1 Ra4 74. Rg1 Ke6 75. Rg6+ Kf5 76. Kg7 Ra7 77. Rb6 Kg5 78. Kg8 1-0

[Event "FIDE Women World-chT-KO 2021"]
[Site "Sitges"]
[Date "2021.10.01"]
[Round "2.2"]
[White "Batsiashvili, Nino"]
[Black "Vaishali R"]
[Result "0-1"]
[ECO "A21"]
[WhiteElo "2486"]
[BlackElo "2414"]
[Annotator "ChessBase"]
[PlyCount "86"]
[EventDate "2021.09.30"]
[EventType "team-tourn"]
[EventCountry "ESP"]
[SourceTitle "playchess.com"]
[Source "ChessBase"]
[SourceQuality "1"]
[WhiteTeam "Georgia"]
[BlackTeam "India"]
[WhiteTeamCountry "GEO"]
[BlackTeamCountry "IND"]
[TimeControl "2700+10"]

1. c4 e5 2. Nc3 Bb4 3. Nd5 Be7 4. b3 Nf6 5. Nxe7 Qxe7 6. Bb2 O-O 7. e3 c6 8. Nf3 e4 9. Nd4 d5 10. cxd5 Nxd5 11. Be2 c5 12. Nc2 Qg5 13. g3 Bh3 14. f4 exf3 15. Bxf3 Nc6 16. Kf2 Rad8 17. Re1 Ncb4 18. Nxb4 Nxb4 19. d4 cxd4 20. Bxd4 Qf5 21. Kg1 Nd3 22. Rf1 Bxf1 23. Qxf1 b6 24. g4 Qg6 25. Qg2 Nf4 26. Qg3 Ne6 27. Be5 Rd2 28. Rc1 Qd3 29. Re1 Ng5 30. Bg2 Rd1 31. Rf1 Rxf1+ 32. Bxf1 Qe4 33. Bf4 Ne6 34. Bb8 Rd8 35. Bd6 Qc2 36. Qe5 Qd1 37. Be7 Qxg4+ 38. Kh1 Qf3+ 39. Kg1 Rd1 40. Qb8+ Nd8 41. Qxd8+ Rxd8 42. Bxd8 Qxe3+ 43. Kg2 Qd2+ 0-1

[Event "FIDE Women World-chT-KO 2021"]
[Site "Sitges"]
[Date "2021.10.01"]
[Round "2.2"]
[White "Javakhishvili, Lela"]
[Black "Gomes, Mary Ann"]
[Result "1-0"]
[ECO "E11"]
[WhiteElo "2465"]
[BlackElo "2354"]
[Annotator "ChessBase"]
[PlyCount "123"]
[EventDate "2021.09.30"]
[EventType "team-tourn"]
[EventCountry "ESP"]
[SourceTitle "playchess.com"]
[Source "ChessBase"]
[SourceQuality "1"]
[WhiteTeam "Georgia"]
[BlackTeam "India"]
[WhiteTeamCountry "GEO"]
[BlackTeamCountry "IND"]
[TimeControl "2700+10"]

1. d4 Nf6 2. c4 e6 3. Nf3 Bb4+ 4. Bd2 Qe7 5. g3 Bxd2+ 6. Qxd2 Nc6 7. Bg2 d5 8. b3 O-O 9. O-O dxc4 10. bxc4 e5 11. d5 Nb8 12. Qb2 Re8 13.
Nc3 Na6 14. Nd2 Nc5 15. e4 Rb8 16. Nb3 a6 17. Rfd1 Qd6 18.
Rac1 Nfd7 19. Qe2 b6 20. Qe3 Nxb3 21. axb3 Nc5 22. b4 Nb3 23. Nb5 Qxb4 24. Rb1 axb5 25. Rxb3 Qxc4 26. Rc1 Qa4 27. Rxc7 Rb7 28. Rc1 Bd7 29. Bf1 Ra8 30. Rcb1 Ra5 31. Rb4 Qc2 32. Rc1 Qa2 33. Qc3 f6 34. Bxb5 Ra3 35. Qb2 Qxb2 36. Rxb2 Bxb5 37. Rxb5 Ra5 38. Rb2 Ra8 39. Rcb1 Rab8 40. Rb5 Kf7 41. Rc1 Ra8 42. Rc6 Ra6 43. Kg2 Ke7 44. f4 exf4 45. gxf4 Ra4 46. Kf3 Ra3+ 47. Kf2 Ra4 48. Ke3 Ra3+ 49. Kd4 Rf3 50. f5 Rh3 51. Re6+ Kd7 52. Rexb6 Rxb6 53. Rxb6 Rxh2 54. Rb7+ Kd6 55. Rxg7 Rh1 56.
Rf7 Rh6 57. Rxf6+ Rxf6 58. e5+ Ke7 59. exf6+ Kxf6 60. d6 Kf7 61. Ke5 h5 62. f6 1-0

[Event "FIDE Women World-chT-KO 2021"]
[Site "Sitges"]
[Date "2021.10.01"]
[Round "2.2"]
[White "Ushenina, Anna"]
[Black "Lagno, Kateryna"]
[Result "0-1"]
[ECO "E61"]
[WhiteElo "2428"]
[BlackElo "2550"]
[Annotator "ChessBase"]
[PlyCount "98"]
[EventDate "2021.09.30"]
[EventType "team-tourn"]
[EventCountry "ESP"]
[SourceTitle "playchess.com"]
[Source "ChessBase"]
[SourceQuality "1"]
[WhiteTeam "Ukraine"]
[BlackTeam "Russia"]
[WhiteTeamCountry "UKR"]
[BlackTeamCountry "RUS"]
[TimeControl "2700+10"]

1. d4 Nf6 2. c4 g6 3. g3 Bg7 4. Bg2 O-O 5. Nc3 Nc6 6. e3 e5 7. d5 Na5 8. b3 d6 9. Nge2 a6 10. e4 Bd7 11. O-O b5 12. cxb5 axb5 13. b4 Nc4 14. Qb3 c6 15. dxc6 Bxc6 16. a4 Nb6 17. a5 h6 18. h3 Nc4 19. g4 h5 20. g5 Nh7 21. f4 exf4 22. Bxf4 Nxg5 23. Rad1 Ne6 24. Bc1 Nc7 25. Nd5 Nxd5 26. exd5 Bd7 27. Nd4 Qc7 28. Nc6 Rae8 29. Bf4 Bf5 30. Rc1 Re2 31. Rxc4 bxc4 32. Qxc4 Rfe8 33. Rf2 Rxf2 34. Kxf2 Qd7 35. Kg3 Bb1 36. a6 Qf5 37. b5 h4+ 38. Kh2 Be4 39. Bxd6 Bxg2 40. Kxg2 Qg5+ 41. Kf2 Qd2+ 42. Kf3 Qd1+ 43. Kf2 Qe1+ 44. Kf3 Re3+ 45. Kg2 Qd2+ 46. Kg1 Re1+ 47. Qf1 Bd4+ 48. Nxd4 Qxd4+ 49. Kg2 Qxd5+ 0-1

[Event "FIDE Women World-chT-KO 2021"]
[Site "Sitges"]
[Date "2021.10.01"]
[Round "2.2"]
[White "Tania, Sachdev"]
[Black "Arabidze, Meri"]
[Result "1-0"]
[ECO "E21"]
[WhiteElo "2392"]
[BlackElo "2441"]
[Annotator "ChessBase"]
[PlyCount "107"]
[EventDate "2021.09.30"]
[EventType "team-tourn"]
[EventCountry "ESP"]
[SourceTitle "playchess.com"]
[Source "ChessBase"]
[SourceQuality "1"]
[WhiteTeam "India"]
[BlackTeam "Georgia"]
[WhiteTeamCountry "IND"]
[BlackTeamCountry "GEO"]
[TimeControl "2700+10"]

1. d4 Nf6 2. c4 e6 3. Nf3 b6 4. Nc3 Bb4 5. Qb3 c5 6. dxc5 bxc5 7. a3 Ba5 8. Bg5 Nc6 9. e3 h6 10. Bh4 Rb8 11. Qc2 g5 12. Bg3 Rxb2 13. Qxb2 Ne4 14. O-O-O Bxc3 15. Qb3 Bg7 16. Bd3 Nxg3 17. hxg3 O-O 18. Kd2 d5 19. Ke2 d4 20. Qb5 Qd6 21. Nxg5 f5 22. Nf3 Bd7 23. Qb1 Rb8 24. Qc1 Rb3 25. exd4 Nxd4+ 26. Nxd4 cxd4 27. Rxh6 Qe5+ 28. Kf1 Bxh6 29. Qxh6 Qh8 30. Qg5+ Kf7 31. Kg1 Qf6 32. Qh5+ Kg7 33. g4 Bc6 34. gxf5 e5 35. Be4 Bxe4 36. Qg4+ Kf7 37. Qxe4 Qd6 38. Rd3 Qxa3 39. Qd5+ Kf8 40. Qd8+ Kf7 41. Qd7+ Kf8 42. Qd8+ Kf7 43. Qd5+ Kf8 44. Rxb3 Qxb3 45. Qxe5 Qxc4 46. f6 Qc1+ 47. Kh2 Qh6+ 48. Kg3 Qg6+ 49. Kf3 Qd3+ 50. Kf4 Qd2+ 51. Kg4 Qd1+ 52. f3 Kg8 53. Qg5+ Kf8 54. Qg7+ 1-0